 Dungeon Crawl Stone Soup version 0.29-a0-620-g13ace881f2 (webtiles) character file.

Game seed: 17334288881273903372

6096 CollectiveS the Basher (level 10, -9/72 HPs)
             Began as a Demonspawn Abyssal Knight on June 18, 2022.
             Was a High Priest of Lugonu.
             Mangled by a culicivora (17 damage)
             ... on level 9 of the Dungeon.
             The game lasted 00:34:16 (11076 turns).

CollectiveS the Basher (Demonspawn Abyssal Knight) Turns: 11076, Time: 00:34:17

Health: -9/72      AC: 13    Str: 18    XL:     10   Next: 58%
Magic:  11/11      EV: 13    Int: 11    God:    Lugonu [*****.]
Gold:   307        SH:  0    Dex: 14    Spells: 8/9 levels left

rFire   . . .      SeeInvis +   I - +6 flail
rCold   . . .      Faith    .   (no shield)
rNeg    . . .      Spirit   .   K - +0 plate armour
rPois   .          Reflect  .   (no helmet)
rElec   .          Harm     .   (no cloak)
rCorr   .          Rampage  .   y - +0 pair of gloves
Will    .....                   (no boots)
Stlth   ..........              (no amulet)
HPRegen 0.22/turn               k - +4 ring of evasion
MPRegen 0.12/turn               q - ring of see invisible

@: no status effects
A: repulsion field 2, foul stench 1, demonic magic 2, demonic touch 1
a: Renounce Religion, Depart the Abyss, Bend Space, Banish, Corrupt, Enter the
Abyss


You were on level 9 of the Dungeon.
You worshipped Lugonu.
Lugonu was extremely pleased with you.
You visited 1 branch of the dungeon, and saw 10 of its levels.
You visited the Abyss 1 time.
You also visited: Ossuary.

You collected 738 gold pieces.
You spent 431 gold pieces at shops.

Inventory:

Hand Weapons
 d - a +1 flail of protection
 I - a +6 flail (weapon)
Missiles
 b - 30 poisoned darts (quivered)
Armour
 y - a +0 pair of gloves (worn)
 K - a +0 plate armour (worn)
Jewellery
 h - a ring of protection from fire
 k - a +4 ring of evasion (left hand)
 q - a ring of see invisible (right hand)
Wands
 n - a wand of mindburst (3)
 C - a wand of digging (6)
 E - a wand of polymorph (3)
 F - a wand of light (15)
 G - a wand of iceblast (8)
Scrolls
 a - 5 scrolls of teleportation
 g - a scroll of amnesia {unknown}
 j - 2 scrolls of immolation {unknown}
 o - a scroll of torment {unknown}
 r - a scroll of vulnerability {unknown}
 u - a scroll of identify
 w - 2 scrolls of fog {unknown}
 x - a scroll of noise {unknown}
 z - a scroll of enchant weapon {unknown}
 A - 3 scrolls of fear
 B - a scroll of acquirement {unknown}
Potions
 c - 2 potions of attraction
 e - 2 potions of magic
 f - 2 potions of might {unknown}
 i - 4 potions of curing
 l - 6 potions of heal wounds
 m - a potion of flight
 p - a potion of mutation
 s - 3 potions of lignification
 t - a potion of cancellation {unknown}
 v - a potion of resistance {unknown}
 D - a potion of brilliance {unknown}
 H - a potion of haste {unknown}


   Skills:
 * Level 4.2 Fighting
 + Level 12.7 Maces & Flails
 + Level 0.3 Throwing
 + Level 5.2 Armour
 - Level 0.8 Dodging
 - Level 4.3 Shields
 - Level 2.6 Invocations
 - Level 1.2 Evocations


You had 8 spell levels left.
You knew the following spells:

 Your Spells              Type           Power      Damage    Failure   Level
a - Apportation           Tloc           0%         N/A       100%        1

Your spell library contained the following spells:

 Spells                   Type           Power      Damage    Failure   Level
 Necrotize                Necr           0%         1d4       100%        1
 Summon Small Mammal      Summ           0%         N/A       100%        1
 Ensorcelled Hibernation  Hex/Ice        0%         N/A       100%        2
 Spider Form              Tmut/Pois      0%         N/A       100%        3
 Anguish                  Hex/Necr       0%         N/A       100%        4
 Hailstorm                Conj/Ice       0%         3d3       100%        4
 Ice Form                 Ice/Tmut       0%         N/A       100%        4
 Simulacrum               Ice/Necr       0%         N/A       100%        6


Dungeon Overview and Level Annotations

Branches:
Dungeon (10/15)            Temple (0/1) D:5            Lair (0/6) D:10
    Orc (0/2) D:9         Ossuary (visited)

Altars:
Gozag
Trog

Shops:
D:2 (   D:4 =   D:8 ===![   D:10 *

Annotations:
D:8 3 runed translucent doors, dohliylev's ghost, novice TrWr


Innate Abilities, Weirdness & Mutations

You are surrounded by a moderate repulsion field. (EV +3)
You may rarely emit foul miasma when damaged in melee.
Spells you cast may paralyse nearby enemies.
Your touch may inflict minor irresistible damage on your foes.


Message History

The culicivora draws strength from your injuries!
You thump the culicivora!
You touch the culicivora!
The culicivora is heavily wounded.
The culicivora bites you.
The culicivora draws strength from your injuries!
You completely miss the culicivora.
The culicivora is heavily wounded.
The culicivora bites you but does no damage.
You sock the culicivora!
The culicivora is almost dead.
The culicivora bites you!
The culicivora draws strength from your injuries!
You barely miss the culicivora. Your touch misses the culicivora.
The culicivora is severely wounded.
The culicivora closely misses you.
You thump the culicivora!
The culicivora is almost dead.
The culicivora closely misses you.
You miss the culicivora.
The culicivora is severely wounded.
The culicivora bites you!
The culicivora draws strength from your injuries!
You closely miss the culicivora.
The culicivora is severely wounded.
The culicivora bites you!
* * * LOW HITPOINT WARNING * * *
The culicivora draws strength from your injuries!
The culicivora misses you.
You miss the culicivora.
The culicivora is moderately wounded.
The culicivora closely misses you.
You miss the culicivora. Your touch misses the culicivora.
The culicivora is moderately wounded.
The culicivora bites you!
* * * LOW HITPOINT WARNING * * *
The culicivora draws strength from your injuries!
You bludgeon the culicivora!!
The culicivora is severely wounded.
The culicivora bites you!
You die...

####'##### #.# #.....[ #.# ##.#
####### #.# ##..# ##.# #..## #..#
#.## #### #.## #.# #...
###'#############'######## #...
#...........##...........### #...
#..<..<.....##..@s.......'.###...
'........[..##.....).....#...#...
#..........[).)..........###.'...
#............#...........# ###...
#............#...........# ##'#
#...........###########'## ##.#
##########'## ##.# ##..# #......#
#..# #..## ##.###### #.## ##'###


You could see a culicivora.

Vanquished Creatures
  Joseph (D:7)
  A hornet (D:8)
  Grum (D:8)
  A shadow (D:9)
  2 wraiths
  4 steam dragons
  3 wargs (D:10)
  2 acid dragons
  A water moccasin (D:5)
  2 orc warriors
  Pargi (D:3)
  3 black bears (D:7)
  An ice beast (D:6)
  A sky beast (D:7)
  An ogre (D:6)
  3 wolves (D:8)
  3 centaurs (D:8)
  A kobold brigand (D:8)
  3 elf zombies (Ossuary)
  2 scorpions (D:5)
  A necrophage (D:5)
  7 wights (D:8)
  10 killer bees
  5 centaur zombies (Ossuary)
  4 human zombies (Ossuary)
  8 orc priests
  6 hounds
  An iguana (D:5)
  7 orc wizards
  4 mummies
  10 gnolls
  10 adders
  A shadow imp (D:5)
  A white imp (D:7)
  An ufetubus (D:6)
  2 worms (D:2)
  A dart slug (D:2)
  39 orcs
  5 ball pythons
  8 bats
  An endoplasm (D:1)
  3 giant cockroaches
  6 goblins
  12 hobgoblins
  13 kobolds
  6 quokkas
  2 frilled lizards
  A goblin zombie (D:4)
  A hobgoblin zombie (D:4)
  21 rats
234 creatures vanquished.

Vanquished Creatures (others)
  An orc wizard (D:10)
  A plant (D:10)
2 creatures vanquished.

Grand Total: 236 creatures vanquished

Notes
Turn   | Place    | Note
-------+----------+-------------------------------------------
     0 | Abyss:1  | CollectiveS the Demonspawn Abyssal Knight began the quest
                  | for the Orb.
     0 | Abyss:1  | Reached XP level 1. HP: 18/18 MP: 2/2
    47 | D:1      | Escaped the Abyss
   416 | D:1      | Gained mutation: You are surrounded by a mild repulsion
                  | field. (EV +2) [demonic ancestry]
   416 | D:1      | Reached XP level 2. HP: 24/24 MP: 3/3
   617 | D:1      | Reached ** piety under Lugonu
   622 | D:1      | Reached skill level 2 in Maces & Flails
   933 | D:1      | Found a faded altar of an unknown god.
  1450 | D:2      | Gained mutation: Spells you cast may paralyse adjacent
                  | enemies. [demonic ancestry]
  1450 | D:2      | Reached XP level 3. HP: 29/29 MP: 4/4
  1676 | D:2      | Reached skill level 3 in Maces & Flails
  1805 | D:2      | Gained mutation: You may rarely emit foul miasma when
                  | damaged in melee. [demonic ancestry]
  1805 | D:2      | Reached XP level 4. HP: 13/35 MP: 5/5
  2580 | D:2      | Found Ifod's Weapon Shop.
  3240 | D:3      | Noticed Pargi
  3263 | D:3      | Killed Pargi
  3264 | D:3      | Reached skill level 4 in Maces & Flails
  3264 | D:3      | Reached XP level 5. HP: 13/41 MP: 6/6
  3663 | D:3      | Identified the +1 robe of the Valley {Harm Int+4}
  4024 | D:3      | Reached *** piety under Lugonu
  4105 | D:4      | Found Rudghiw's Jewellery Boutique.
  4108 | D:4      | Bought a ring of see invisible for 210 gold pieces
  4214 | D:4      | Gained mutation: You are surrounded by a moderate repulsion
                  | field. (EV +3) [demonic ancestry]
  4214 | D:4      | Reached XP level 6. HP: 13/47 MP: 5/7
  4283 | D:4      | Found a sand-covered staircase.
  4288 | D:4      | Reached skill level 5 in Maces & Flails
  4313 | Ossuary  | Entered an ossuary
  4410 | Ossuary  | Reached skill level 1 in Shields
  4461 | Ossuary  | Reached skill level 6 in Maces & Flails
  4461 | Ossuary  | Gained mutation: Spells you cast may paralyse nearby
                  | enemies. [demonic ancestry]
  4461 | Ossuary  | Reached XP level 7. HP: 52/52 MP: 8/8
  4471 | Ossuary  | Reached **** piety under Lugonu
  4572 | Ossuary  | Reached skill level 7 in Maces & Flails
  5060 | D:5      | Entered Level 5 of the Dungeon
  5166 | D:5      | Reached XP level 8. HP: 35/58 MP: 9/9
  5263 | D:5      | Reached skill level 8 in Maces & Flails
  5753 | D:5      | Found a staircase to the Ecumenical Temple.
  6497 | D:6      | Found a bloodstained altar of Trog.
  6558 | D:6      | Reached skill level 9 in Maces & Flails
  6772 | D:7      | Reached XP level 9. HP: 64/64 MP: 10/10
  6948 | D:7      | Noticed Joseph
  6977 | D:7      | Killed Joseph
  6978 | D:7      | Reached skill level 10 in Maces & Flails
  7285 | D:8      | Reached ***** piety under Lugonu
  7307 | D:8      | Found Qaly's Distillery.
  7311 | D:8      | Bought a potion of degeneration for 12 gold pieces
  7340 | D:8      | Found Qudyb's Jewellery Shop.
  7463 | D:8      | Reached skill level 11 in Maces & Flails
  7527 | D:8      | Reached skill level 1 in Evocations
  7681 | D:8      | Found Zodap's Jewellery Boutique.
  7835 | D:8      | Found a runed translucent gate.
  7836 | D:8      | Found a runed translucent gate.
  7837 | D:8      | Found a runed translucent gate.
  7838 | D:8      | Found an opulent altar of Gozag.
  7838 | D:8      | Noticed a centaur warrior
  7839 | D:8      | Noticed dohliylev's ghost (novice TrWr)
  7840 | D:8      | Noticed a troll
  7980 | D:8      | Noticed Grum
  8008 | D:8      | Found Xothraecki's Antique Armour Shop.
  8030 | D:8      | Killed Grum
  8031 | D:8      | Gained mutation: Your touch may inflict minor irresistible
                  | damage on your foes. [demonic ancestry]
  8031 | D:8      | Reached XP level 10. HP: 32/70 MP: 11/11
  8078 | D:8      | Bought a dazzling chain mail for 209 gold pieces
  8078 | D:8      | Identified the +0 chain mail of Lesser Demons {rF+} (You
                  | bought it in a shop on level 8 of the Dungeon)
  8440 | D:8      | Found Pycuru's Jewellery Emporium.
  8540 | D:8      | Reached skill level 12 in Maces & Flails
  8659 | D:9      | Noticed a two-headed ogre
  8736 | D:8      | Paralysed by a hornet for 1 turns
  9235 | D:9      | Found a staircase to the Orcish Mines.
  9789 | D:9      | Learned a level 1 spell: Apportation
 10453 | D:10     | Entered Level 10 of the Dungeon
 10483 | D:10     | Noticed a gargoyle
 10541 | D:10     | Found Tuqukes's General Store.
 10638 | D:10     | Noticed a two-headed ogre
 10794 | D:10     | Reached skill level 5 in Armour
 10958 | D:10     | Found a staircase to the Lair.
 11014 | D:10     | Noticed a catoblepas
 11065 | D:9      | a two-headed ogre changed into a culicivora
 11076 | D:9      | Mangled by a culicivora

Illustrated notes

Levels and vault maps discovered:
D:1:      minmay_arrival_four_houses, layout_basic, ebering_ecumenical_altar_box
D:2:      layout_loops_ring, serial_shops, shop
D:3:      layout_basic, minmay_rat_hole, uniq_pargi
D:4:      layout_cave_pools, nicolae_ossuary_entry_giza,
          hangedman_decor_diamond_cutter, nicolae_stop_n_shop_1
D:5:      layout_loops_ring, minmay_temple_entry_fiery
D:6:      layout_loops_ring, trog_hazing_becter, palyth_stone_intersect,
          minmay_misc_feat_columns
D:7:      layout_basic, uniq_joseph
D:8:      layout_loops_cross, serial_rivers, chequers_serial_rivers_micro_e,
          chequers_serial_rivers_micro_a, chequers_serial_rivers_micro_c,
          chequers_serial_rivers_micro_d, chequers_serial_rivers_small_a,
          ebering_ghost_gozag, serial_shops, shop, nicolae_square_shop,
          nicolae_shop_stone, nicolae_shop_waterfront, nicolae_shop_crystal,
          hangedman_abyss_or_decor_stagger, uniq_grum
D:9:      layout_roguey, orc_0_dummy
D:10:     layout_basic, erik_lair_orcish_takeover,
          gammafunk_ghost_wrathful_warriors, serial_shops, shop_coins,
          minmay_microvault

Skill      XL: |  1  2  3  4  5  6  7  8  9 10 |
---------------+-------------------------------+-----
Armour         | 2 3 4 5 |  5.2
Maces & Flails | 2 3 4 6 7 9 11 12 | 12.7
Shields        | 1 2 4 |  4.3
Evocations     | 1 |  1.2
Fighting       | 4 |  4.2
Throwing       | |  0.3
Dodging        | |  0.8
Invocations    | |  2.6

Action                   |  1- 3 |  4- 6 |  7- 9 | 10-12 || total
-------------------------+-------+-------+-------+-------++-------
Melee: Mace              |   108 |    74 |       |       ||   182
       Punch             |     1 |       |       |     2 ||     3
       Flail             |       |   177 |   563 |   118 ||   858
       Touch             |       |       |       |    13 ||    13
Throw: Dart              |       |     7 |       |       ||     7
Invok: Depart the Abyss  |     1 |       |       |       ||     1
       Bend Space        |       |     1 |       |       ||     1
Evoke: Wand              |       |       |     9 |    10 ||    19
  Use: Potion            |     1 |       |       |       ||     1
       Scroll            |       |       |     7 |     2 ||     9
 Stab: Sleeping          |       |       |     1 |       ||     1
       Paralysed         |       |       |     6 |       ||     6
Armor: Ring mail         |    57 |    36 |       |       ||    93
       Troll leather arm |       |    60 |   137 |       ||   197
       Plate armour      |       |       |       |    13 ||    13
       Chain mail        |       |       |       |    12 ||    12
Dodge: Dodged            |    79 |   261 |   456 |    68 ||   864
Block: Buckler           |       |    21 |   100 |       ||   121

Table legend: (Time is in decaauts)
 A = Elapsed time spent in this place.
 B = Non-inter-level travel time spent in this place.
 C = Inter-level travel time spent in this place.
 D = Time resting spent in this place.
 E = Time spent auto-exploring this place.
 F = Levels seen in this place.
 G = Mean time per level.
                   A        B        C        D        E       F      G
               +--------+--------+--------+--------+--------+-----+--------+
         Total |  11152 |  10451 |    701 |   1702 |   4821 |  12 |  929.3 |
       Dungeon |  10812 |  10111 |    701 |   1702 |   4821 |  10 | 1081.2 |
         Abyss |     47 |     47 |      0 |      0 |      0 |   1 |   47.0 |
       Ossuary |    293 |    293 |      0 |      0 |      0 |   1 |  293.0 |
               +--------+--------+--------+--------+--------+-----+--------+

Top non-repeatable levels by time:
     D:8: 2105 daAuts
     D:2: 1557 daAuts
     D:1: 1420 daAuts
     D:9: 1186 daAuts
     D:3: 1144 daAuts
     D:5: 928 daAuts
     D:6: 735 daAuts
     D:4: 716 daAuts
    D:10: 525 daAuts
     D:7: 492 daAuts
 Ossuary: 293 daAuts
 Abyss:1: 47 daAuts
